 Dungeon Crawl Stone Soup version 0.19-a0-934-gf1df8d1 (webtiles) character file.

2482 Implojin the Cleaver (level 9, -3/84 HPs)
             Began as a Minotaur Fighter on July 8, 2016.
             Was an Elder of Okawaru.
             Slain by a shadow (22 damage)
             ... on level 12 of the Dungeon.
             The game lasted 00:10:00 (1199 turns).

Implojin the Cleaver (Minotaur Fighter)             Turns: 1199, Time: 00:10:00

Health: -3/84      AC: 11    Str: 21    XL:     9   Next: 27%
Magic:  5/8        EV:  9    Int:  5    God:    Okawaru [****..]
Gold:   35         SH: 11    Dex: 13    Spells: 0 memorised, 8 levels left

rFire  . . .     SeeInvis .     a - +0 war axe
rCold  . . .     Gourm    .     l - +0 chain mail
rNeg   . . .     Faith    .     c - +0 shield
rPois  .         Spirit   .     (helmet restricted)
rElec  .         Dismiss  .     (no cloak)
rCorr  .         Reflect  .     (no gloves)
SustAt .         Harm     .     (no boots)
MR     .....                    (no amulet)
Stlth  ..........               (no ring)
                                (no ring)

@: heroism, not resistant to hostile enchantments, extremely unstealthy
A: retaliatory headbutt, horns 2
a: Heroism, Renounce Religion


You were on level 12 of the Dungeon.
You worshipped Okawaru.
Okawaru was greatly pleased with you.
You were not hungry.

You visited 1 branch of the dungeon, and saw 13 of its levels.

You collected 35 gold pieces.

Inventory:

Hand Weapons
 a - a +0 war axe (weapon)
 e - a +2 falchion of holy wrath
 j - a cursed -1 long sword
Missiles
 d - 3 javelins of returning (quivered)
 q - a throwing net
Armour
 b - a +0 scale mail
 c - a +0 shield (worn)
 l - a +0 chain mail (worn)
 y - the +1 scale mail of Sasown {rElec rF- Str+4 Int+3}
   (You found it on level 11 of the Dungeon)

   It affects your strength (+4).
   It affects your intelligence (+3).
   It makes you vulnerable to fire.
   It insulates you from electricity.
Jewellery
 m - an uncursed amulet of the gourmand {unknown}
Wands
 t - a wand of slowing (43/48)
Scrolls
 g - a scroll of amnesia {unknown}
 h - a scroll of teleportation {unknown}
 k - a scroll of blinking
 n - a scroll of fog {unknown}
 o - a scroll of recharging
 s - a scroll of magic mapping {unknown}
 w - a scroll of identify {unknown}
Potions
 p - a potion of flight {unknown}
 r - a potion of berserk rage {unknown}
 x - a potion of magic {unknown}
Books
 u - a book of Dreams

   Spells                             Type                      Level
   a - Ensorcelled Hibernation        Hexes/Ice                    2
   b - Silence                        Hexes/Air                    5
   c - Darkness                       Hexes                        6
   d - Shadow Creatures               Summoning                    6
Comestibles
 f - a bread ration
 i - 2 meat rations
 v - 2 chunks of flesh


   Skills:
 * Level 9.4(14.4) Fighting
 - Level 12.1(17.1) Axes
 - Level 3.6(8.6) Armour
 - Level 3.6(8.6) Shields


You had 8 spell levels left.
You didn't know any spells.

Dungeon Overview and Level Annotations

Branches:
Dungeon (13/15)              Lair (0/6) D:8
 Temple: D:4-7          Orc: D:9-12      Vaults: D:13-14

Altars:
Okawaru
Pakellas

Annotations:
D:5 Dowan, Duvessa
D:12 Rupert


Innate Abilities, Weirdness & Mutations

You reflexively headbutt those who attack you in melee.
You have a pair of horns on your head.


Message History

You see here a runed falchion.
e - a runed falchion A shadow comes into view.
The shadow slips into darkness.
The shadow flickers and vanishes!
Deactivating autopickup; reactivate with Ctrl-A.
You gain the combat prowess of a mighty hero.
A shadow imp comes into view.
The shadow imp shouts!
The shadow strikes at you from the darkness!
* * * LOW HITPOINT WARNING * * *
Reactivating autopickup.
Unknown command.
You closely miss the shadow. You headbutt the shadow.
The shadow is lightly damaged.
You block the shadow's attack.
Rupert the Wild comes into view.
He is wielding a great mace of protection.
Unknown command.
The shadow slips into darkness.
The shadow flickers and vanishes!
Deactivating autopickup; reactivate with Ctrl-A.
The shadow strikes at you from the darkness!
You feel like a meek peon again.
The shadow strikes at you from the darkness!
* * * LOW HITPOINT WARNING * * *
Reactivating autopickup.
Unknown command.
You gain the combat prowess of a mighty hero.
You block the shadow's attack.
Unknown command.
Unknown command.
You closely miss the shadow. Your headbutt misses the shadow.
You hit the shadow. Your headbutt misses the shadow.
The shadow is lightly damaged.
The shadow slips into darkness.
The shadow flickers and vanishes!
Deactivating autopickup; reactivate with Ctrl-A.
You hit something but do no damage.
The shadow strikes at you from the darkness!
You die...

#.@.......................
#.....................####
###..5..................#...
#.....# #......[...#...
#.....# #..........'...
#####.# #........>.#... #.#
#..........####
######.########..............
#........5.{@................
##..................########.
#..................#
######.............#
#.....######### #######


You could see a shadow imp.

Vanquished Creatures
  A troll (D:11)
  4 yaks (D:9)
  A wyvern (D:8)
  A hippogriff (D:9)
  3 orc warriors
  A sky beast (D:10)
  An ogre (D:9)
  2 crocodiles
  A giant frog (D:11)
  4 wights (D:11)
  3 howler monkeys (D:7)
  A crimson imp (D:11)
  A hound (D:8)
  A giant frog skeleton (D:8)
  A jelly (D:9)
  4 orc wizards
  A centaur skeleton (D:7)
  A worker ant (D:11)
  A hound skeleton (D:7)
  Robin (D:3)
  An adder (D:10)
  9 gnolls
  An adder skeleton (D:10)
  A worm (D:2)
  A dart slug (D:1)
  11 orcs
  8 bats
  9 goblins
  5 hobgoblins
  3 jackals (D:3)
  2 quokkas
  4 rats
  A plant (D:8)
90 creatures vanquished.

Notes
Turn   | Place    | Note
-------+----------+-------------------------------------------
     0 | D:1      | Implojin the Minotaur Fighter began the quest for the Orb.
     0 | D:1      | Reached XP level 1. HP: 19/19 MP: 0/0
    34 | D:1      | Reached skill level 3 in Axes
    54 | D:1      | Reached XP level 2. HP: 23/26 MP: 1/1
   175 | D:2      | Found an oddly glowing altar of Pakellas.
   178 | D:2      | Found an iron altar of Okawaru.
   196 | D:2      | Became a worshipper of Warmaster Okawaru
   198 | D:2      | You fall through a shaft!
   208 | D:3      | Reached skill level 4 in Axes
   218 | D:3      | Noticed Robin
   218 | D:3      | Reached XP level 3. HP: 14/31 MP: 2/2
   226 | D:3      | Reached skill level 5 in Axes
   233 | D:3      | Killed Robin
   233 | D:3      | Reached XP level 4. HP: 20/39 MP: 3/3
   294 | D:5      | Entered Level 5 of the Dungeon
   300 | D:5      | Noticed Duvessa
   300 | D:5      | Noticed Dowan
   343 | D:7      | Noticed a crocodile
   352 | D:7      | Killed a crocodile
   352 | D:7      | Reached skill level 6 in Axes
   352 | D:7      | Reached XP level 5. HP: 33/45 MP: 4/4
   421 | D:7      | Reached * piety under Okawaru
   421 | D:7      | Reached skill level 7 in Axes
   421 | D:7      | Reached XP level 6. HP: 31/51 MP: 5/5
   440 | D:7      | Reached skill level 8 in Axes
   453 | D:7      | Noticed an orc warrior
   463 | D:7      | Killed an orc warrior
   489 | D:7      | Reached skill level 9 in Axes
   532 | D:7      | Noticed an orc warrior
   581 | D:8      | Reached XP level 7. HP: 27/57 MP: 6/6
   593 | D:8      | Found a staircase to the Lair.
   600 | D:8      | Noticed a wyvern
   608 | D:8      | Killed a wyvern
   608 | D:8      | Reached ** piety under Okawaru
   612 | D:8      | Reached skill level 10 in Axes
   637 | D:9      | Noticed a hippogriff
   648 | D:9      | Killed a hippogriff
   649 | D:9      | Noticed a yak
   649 | D:9      | Noticed a yak
   650 | D:9      | Noticed a yak
   651 | D:9      | Noticed a yak
   666 | D:9      | Killed a yak
   666 | D:9      | Reached skill level 11 in Axes
   666 | D:9      | Reached XP level 8. HP: 54/64 MP: 4/7
   674 | D:9      | Reached *** piety under Okawaru
   674 | D:9      | Reached skill level 12 in Axes
   676 | D:9      | Reached skill level 4 in Fighting
   749 | D:9      | Reached skill level 5 in Fighting
   767 | D:10     | Entered Level 10 of the Dungeon
   778 | D:10     | Reached skill level 6 in Fighting
   826 | D:10     | Reached skill level 7 in Fighting
   882 | D:11     | Noticed a troll
   899 | D:11     | Killed a troll
   899 | D:11     | Reached skill level 8 in Fighting
   899 | D:11     | Reached XP level 9. HP: 12/81 MP: 4/8
  1001 | D:11     | Reached **** piety under Okawaru
  1034 | D:11     | Reached skill level 9 in Fighting
  1078 | D:11     | Got a fine scale mail
  1121 | D:11     | Identified the +1 scale mail of Sasown {rElec rF- Str+4 Int+3} (You found it on level 11 of the Dungeon)
  1158 | D:13     | Noticed a centaur warrior
  1186 | D:12     | Noticed Rupert
  1199 | D:12     | Slain by a shadow

Vault maps used:
D:1:      sevenhm_arrival_forest_fort_small_6
D:2:      lemuel_crystal_altar, kennysheep_big_empty_room, grunt_pakellas_salt,
          uniq_sigmund
D:3:      grunt_temple_overflow_holy_war, nicolae_overflow_quartered_altars,
          led_sif_pool, uniq_robin, uniq_natasha
D:5:      lemuel_upstairs_altar, first_bread, uniq_edmund, uniq_duvessa
D:6:      overflow_temple_1_default, nicolae_ru_the_path_less_chosen,
          serial_shops, shop
D:7:      kennysheep_housing_project, uniq_crazy_yiuf_cottage
D:8:      due_lair_maze_entry_diamond, minmay_statues_item
D:9:      minmay_klotski, hangedman_pestilent_swarm
D:10:     hiddenorc2_lemuel
D:11:     serial_shops, nicolae_shop_trees
D:12:     uniq_fannar, uniq_rupert
D:13:     serial_shops, nicolae_shop_temple_entry_statues_fountains

Skill      XL: |  1  2  3  4  5  6  7  8  9 |
---------------+----------------------------+-----
Axes           | 3 4 5 6 7 9 11 12 | 12.1
Fighting       | 8 9 |  9.4
Armour         | |  3.6
Shields        | |  3.6

Action                   |  1- 3 |  4- 6 |  7- 9 || total
-------------------------+-------+-------+-------++-------
Melee: War axe           |    35 |    70 |   136 ||   241
       Headbutt          |     9 |    13 |    33 ||    55
Throw: Javelin           |       |       |     1 ||     1
Invok: Heroism           |       |     2 |    15 ||    17
  Use: Potion            |     1 |     1 |     1 ||     3
       Scroll            |       |       |     3 ||     3
  Eat: Chunk             |       |       |     1 ||     1
Armor: Scale mail        |    21 |    12 |       ||    33
       Chain mail        |       |       |    56 ||    56
Dodge: Dodged            |    15 |    25 |    28 ||    68
Block: Shield            |    28 |    25 |    86 ||   139

Table legend:
 A = Turns spent in this place as a percentage of turns spent in the entire game.
 B = Non-inter-level travel turns spent in this place as a percentage of non-inter-level travel turns spent in the entire game.
 C = Inter-level travel turns spent in this place as a percentage of turns spent in this place.
 D = Turns resting spent in this place as a percentage of non-inter-level travel turns spent in this place.
 E = Turns spent auto-exploring this place as a percentage of non-inter-level travel turns spent in this place.
 F = Non-inter-level travel turns spent in this place divided by the number of levels of this place that you've seen.
                   A       B       C       D       E      F
               +-------+-------+-------+-------+-------+----------------------
         Total | 100.0 | 100.0 |   0.0 |   0.0 |   0.0 |  96.0
       Dungeon | 100.0 | 100.0 |   0.0 |   0.0 |   0.0 |  96.0
               +-------+-------+-------+-------+-------+----------------------

Table legend:
 A = Kills in this place as a percentage of kills in entire the game.
 B = Kills by you in this place as a percentage of kills by you in the entire game.
 C = Kills by friends in this place as a percentage of kills by friends in the entire game.
 D = Other kills in this place as a percentage of other kills in the entire game.
 E = Experience gained in this place as a percentage of experience gained in the entire game.
 F = Experience gained in this place divided by the number of levels of this place that you have seen.
                   A       B       C       D       E      F
               +-------+-------+-------+-------+-------+----------------------
         Total | 100.0 | 100.0 |  -nan |  -nan | 100.0 | 272.8
       Dungeon | 100.0 | 100.0 |  -nan |  -nan | 100.0 | 272.8
               +-------+-------+-------+-------+-------+----------------------
